Hartford Whalers vs Detroit Red Wings
Created - Thursday, May 15, 2025 at 07:39
Goals
|
| Hartford Whalers |
0 |
1 |
0 |
1 |
| Detroit Red Wings |
1 |
2 |
1 |
4 |
|
Shots
|
| Hartford Whalers |
1 |
17 |
4 |
22 |
| Detroit Red Wings |
9 |
16 |
11 |
36 |
|
1st period
1. Detroit Red Wings , Carter Verhaeghe 19 (Mika Zibanejad 39, Tyler Johnson 15) at 8:38
Penalties :
Kaiden Guhle (HFD) for Cross-checking (Minor) at 3:28, Jaden Schwartz (HFD) for Tripping (Minor) at 17:43
2nd period
2. Hartford Whalers , Nick Suzuki 28 (Charlie McAvoy 24) at 1:44 (SH)
3. Detroit Red Wings , Steven Stamkos 41 (Patrick Kane 40, Erik Brannstrom 17) at 9:11
4. Detroit Red Wings , Patrick Kane 26 (Jared McCann 34, Steven Stamkos 38) at 9:36
Penalties :
Miles Wood (HFD) for Tripping (Minor) at 1:16, Charlie McAvoy (HFD) for High sticking (Minor) at 11:00, Steven Stamkos (DET) for High sticking (Minor) at 16:34
3rd period
5. Detroit Red Wings , Patrick Kane 27 (Steven Stamkos 39) at 5:04
Penalties :
Dylan Guenther (HFD) for Roughing (Minor) at 11:45
Goalie Stats
Spencer Knight (HFD), 32 saves from 36 shots - (0.889), L, 11-10-4, 60:00 minutes
Calvin Pickard (DET), 21 saves from 22 shots - (0.955), W, 22-19-1, 60:00 minutes
Players Stats for Hartford Whalers
Player Name G A P +/- PIM S H SB GA TA FO MP PP MP PK MP
------------------------------------------------------------------------------------
Anthony Cirelli 0 0 0 0 0 1 2 0 0 0 1/2 19:29 0:00 5:18
Charlie McAvoy 0 1 1 -2 2 3 4 0 0 3 0/0 23:53 1:11 3:36
Devon Toews 0 0 0 -1 0 2 3 3 0 3 0/0 26:00 0:48 5:20
Dylan Guenther 0 0 0 -2 2 4 1 1 0 0 0/0 17:59 1:06 0:00
Jaden Schwartz 0 0 0 -1 2 1 0 1 0 0 0/0 13:21 0:00 0:00
Josh Anderson 0 0 0 0 0 0 1 0 0 0 0/0 3:06 0:00 0:00
Joshua Norris 0 0 0 -1 0 3 1 1 1 0 4/8 20:45 0:53 4:41
Kaapo Kakko 0 0 0 0 0 0 0 0 0 0 0/0 0:13 0:00 0:00
Kaiden Guhle 0 0 0 1 2 0 1 1 1 1 0/0 19:31 1:11 4:04
Miles Wood 0 0 0 -1 2 0 1 0 0 0 0/0 9:27 0:00 3:36
Morgan Frost 0 0 0 -1 0 2 1 0 0 0 2/9 13:26 0:00 0:00
Nick Suzuki 1 0 1 -1 0 3 1 0 2 0 18/39 22:43 1:06 4:43
Pierre-Luc Dubois 0 0 0 -1 0 2 0 1 0 0 0/0 16:40 0:53 0:17
Ryan Suter 0 0 0 0 0 1 0 1 0 1 0/0 15:42 0:00 1:21
Samuel Girard 0 0 0 -1 0 0 0 2 0 0 0/0 20:53 0:48 5:02
Seth Jones 0 0 0 -3 0 0 2 1 0 1 0/0 14:27 0:00 0:27
Tom Wilson 0 0 0 -1 0 0 3 0 0 0 0/1 16:06 0:53 0:00
Yegor Sharangovich 0 0 0 -1 0 0 1 0 1 0 0/0 16:18 1:06 1:15
Players Stats for Detroit Red Wings
Player Name G A P +/- PIM S H SB GA TA FO MP PP MP PK MP
------------------------------------------------------------------------------------
Brendan Gallagher 0 0 0 0 0 1 0 0 0 0 0/0 8:12 0:00 0:00
Carter Verhaeghe 1 0 1 0 0 4 0 0 3 0 1/1 19:23 5:10 0:00
Christian Fischer 0 0 0 0 0 4 1 0 0 0 0/0 12:31 0:00 0:59
Daniel Sprong 0 0 0 0 0 3 0 0 0 0 0/0 11:41 0:00 0:00
Erik Brannstrom 0 1 1 2 0 0 1 0 0 0 0/0 16:54 4:43 0:00
Jackson LaCombe 0 0 0 0 0 1 0 0 0 1 0/0 17:47 0:00 1:16
Jared McCann 0 1 1 3 0 2 2 1 0 0 1/2 19:13 4:42 0:00
Jeff Petry 0 0 0 2 0 0 1 2 2 1 0/0 25:03 4:43 0:43
Keegan Kolesar 0 0 0 0 0 0 2 0 2 1 0/1 8:56 0:00 1:00
Kevin Stenlund 0 0 0 0 0 1 0 0 0 0 0/1 8:59 0:03 1:00
Mika Zibanejad 0 1 1 0 0 4 2 0 0 0 12/18 20:27 5:10 0:59
Patrick Kane 2 1 3 3 0 8 3 1 1 0 0/1 19:10 4:45 0:00
Shayne Gostisbehere 0 0 0 -1 0 1 2 0 0 0 0/0 22:12 5:12 0:40
Steven Stamkos 1 2 3 3 2 3 2 0 1 1 14/27 19:14 4:45 0:00
Tyler Johnson 0 1 1 0 0 1 2 1 0 0 1/1 19:23 5:10 0:00
Yakov Trenin 0 0 0 0 0 2 2 0 0 0 5/7 12:15 0:00 0:43
Zach Bogosian 0 0 0 2 0 1 0 1 0 1 0/0 11:57 0:00 0:00
Zachary Werenski 0 0 0 1 0 0 3 0 0 0 0/0 24:43 5:12 0:36
3 Stars
1 - Patrick Kane (DET)
2 - Steven Stamkos (DET)
3 - Jared McCann (DET)
Power Play
Hartford Whalers - 0 on 0 Attempt(s) - 0.00%
Detroit Red Wings - 0 on 6 Attempt(s) - 0.00%
Penalty Kill
Hartford Whalers - 6 on 6 Attempt(s) - 100.00%
- Score 1 goal in Penalty Kill
Detroit Red Wings - 0 on 0 Attempt(s) - 0.00%
- Score 0 goal in Penalty Kill
Team Stat
Hartford Whalers - Hits : 22 - Faceoff Wins : 25 - Blocked Shots : 12 - Penalty Minutes : 10
Detroit Red Wings - Hits : 23 - Faceoff Wins : 34 - Blocked Shots : 6 - Penalty Minutes : 2
Official
Referees : Morgan Macphee and Frederick L'Ecuyer
Linesman : Travis Gawryletz and Jesse Marquis
Game Notes
9:19 of 3rd period - Penalty Shot by Jaden Schwartz for Hartford Whalers - Stopped by Calvin Pickard
Finance
Level 1 -- Attendance: 5024 (83.73%) -- Ticket Income $502,400
Level 2 -- Attendance: 3921 (78.42%) -- Ticket Income $235,260
Level 3 -- Attendance: 2478 (82.60%) -- Ticket Income $86,730
Level 4 -- Attendance: 3982 (79.64%) -- Ticket Income $99,550
Luxury Box -- Attendance: 834 (83.40%) -- Ticket Income $166,800
Game was played at the Joe Louis Arena.
Total Attendance: 16239 (81.20%)
Total Ticket Income: $1,090,740
Other Income: $381,759
Total Income: $1,472,499
Hartford Whalers
5 vs 5 Forward
Center Left Wing Right Wing Time % Phy DF OF
1 Nick Suzuki Anthony Cirelli Dylan Guenther 35 0 2 3
2 Joshua Norris Pierre-Luc Dubois Tom Wilson 35 1 2 2
3 Morgan Frost Jaden Schwartz Yegor Sharangovich 21 1 2 2
4 Nick Suzuki Miles Wood Dylan Guenther 9 1 2 2
5 vs 5 Defense
Defense Defense Time % Phy DF OF
1 Seth Jones Charlie McAvoy 30 1 2 2
2 Devon Toews Samuel Girard 30 1 2 2
3 Ryan Suter Kaiden Guhle 25 1 2 2
4 Devon Toews Charlie McAvoy 15 1 2 2
PowerPlay Forward
Center Left Wing Right Wing Time % Phy DF OF
1 Nick Suzuki Yegor Sharangovich Dylan Guenther 50 1 1 3
2 Joshua Norris Pierre-Luc Dubois Tom Wilson 50 1 1 3
PowerPlay Defense
Defense Defense Time % Phy DF OF
1 Kaiden Guhle Charlie McAvoy 50 1 1 3
2 Devon Toews Samuel Girard 50 1 1 3
Penalty Kill 4 Players Forward
Center Wing Time % Phy DF OF
1 Nick Suzuki Anthony Cirelli 50 1 3 1
2 Joshua Norris Miles Wood 50 1 3 1
Penalty Kill 4 Players Defense
Defense Defense Time % Phy DF OF
1 Kaiden Guhle Charlie McAvoy 50 1 3 1
2 Devon Toews Samuel Girard 50 1 3 1
Penalty Kill - 3 Players Forward
Forward Time % Phy DF OF
1 Anthony Cirelli 50 2 3 0
2 Joshua Norris 50 2 3 0
Penalty Kill - 3 Players Defense
Defense Defense Time % Phy DF OF
1 Samuel Girard Ryan Suter 50 2 3 0
2 Devon Toews Kaiden Guhle 50 2 3 0
4 vs 4 Forward
Center Wing Time % Phy DF OF
1 Nick Suzuki Dylan Guenther 50 1 1 3
2 Joshua Norris Yegor Sharangovich 50 0 2 3
4 vs 4 Defense
Defense Defense Time % Phy DF OF
1 Ryan Suter Kaiden Guhle 50 1 2 2
2 Devon Toews Samuel Girard 50 1 2 2
Last Minutes Offensive
Center Left Wing Right Wing Defense Defense
Nick Suzuki Dylan Guenther Yegor Sharangovich Seth Jones Charlie McAvoy
Last Minutes Defensive
Center Left Wing Right Wing Defense Defense
Joshua Norris Anthony Cirelli Tom Wilson Kaiden Guhle Charlie McAvoy
Goaltenders
Starting : Spencer Knight
Backup : Anton Forsberg
Extra Forwards
Normal : Nick Suzuki, Joshua Norris, Pierre-Luc Dubois - PP : Dylan Guenther, Yegor Sharangovich - PK : Anthony Cirelli
Extra Defensemen
Normal : Kaiden Guhle, Samuel Girard, Devon Toews - PP : Ryan Suter - PK : Kaiden Guhle, Devon Toews
Penalty Shots
Nick Suzuki, Yegor Sharangovich, Pierre-Luc Dubois, Anthony Cirelli, Joshua Norris
Scratches
None
Detroit Red Wings
5 vs 5 Forward
Center Left Wing Right Wing Time % Phy DF OF
1 Steven Stamkos Jared McCann Patrick Kane 35 1 2 2
2 Mika Zibanejad Carter Verhaeghe Tyler Johnson 35 1 1 3
3 Yakov Trenin Daniel Sprong Christian Fischer 20 1 2 2
4 Kevin Stenlund Brendan Gallagher Keegan Kolesar 10 2 2 1
5 vs 5 Defense
Defense Defense Time % Phy DF OF
1 Zachary Werenski Jeff Petry 40 1 2 2
2 Shayne Gostisbehere Jackson LaCombe 30 1 2 2
3 Erik Brannstrom Zach Bogosian 20 3 1 1
4 Shayne Gostisbehere Jackson LaCombe 10 1 2 2
PowerPlay Forward
Center Left Wing Right Wing Time % Phy DF OF
1 Steven Stamkos Jared McCann Patrick Kane 50 0 1 4
2 Mika Zibanejad Carter Verhaeghe Tyler Johnson 50 0 1 4
PowerPlay Defense
Defense Defense Time % Phy DF OF
1 Shayne Gostisbehere Zachary Werenski 50 1 2 2
2 Erik Brannstrom Jeff Petry 50 1 2 2
Penalty Kill 4 Players Forward
Center Wing Time % Phy DF OF
1 Mika Zibanejad Christian Fischer 50 2 2 1
2 Kevin Stenlund Keegan Kolesar 50 2 2 1
Penalty Kill 4 Players Defense
Defense Defense Time % Phy DF OF
1 Zachary Werenski Jackson LaCombe 50 2 2 1
2 Yakov Trenin Jeff Petry 50 2 2 1
Penalty Kill - 3 Players Forward
Forward Time % Phy DF OF
1 Mika Zibanejad 50 1 2 2
2 Steven Stamkos 50 1 2 2
Penalty Kill - 3 Players Defense
Defense Defense Time % Phy DF OF
1 Zachary Werenski Jackson LaCombe 50 1 2 2
2 Yakov Trenin Jeff Petry 50 2 2 1
4 vs 4 Forward
Center Wing Time % Phy DF OF
1 Mika Zibanejad Carter Verhaeghe 60 1 2 2
2 Steven Stamkos Patrick Kane 40 1 1 3
4 vs 4 Defense
Defense Defense Time % Phy DF OF
1 Zachary Werenski Shayne Gostisbehere 60 1 2 2
2 Jackson LaCombe Jeff Petry 40 1 2 2
Last Minutes Offensive
Center Left Wing Right Wing Defense Defense
Mika Zibanejad Steven Stamkos Carter Verhaeghe Zachary Werenski Jackson LaCombe
Last Minutes Defensive
Center Left Wing Right Wing Defense Defense
Mika Zibanejad Steven Stamkos Carter Verhaeghe Zachary Werenski Jackson LaCombe
Goaltenders
Starting : Calvin Pickard
Backup : Laurent Brossoit
Extra Forwards
Normal : Yakov Trenin, Christian Fischer, Daniel Sprong - PP : Kevin Stenlund, Daniel Sprong - PK : Steven Stamkos
Extra Defensemen
Normal : Shayne Gostisbehere, Jackson LaCombe, Zach Bogosian - PP : Shayne Gostisbehere - PK : Shayne Gostisbehere, Jackson LaCombe
Penalty Shots
Mika Zibanejad, Steven Stamkos, Patrick Kane, Carter Verhaeghe, Jared McCann
Scratches
Alexander Barabanov (Healthy), Kevin Shattenkirk (Healthy), Peyton Krebs (Healthy), Raphael Lavoie (Healthy), Vitek Vanecek (Healthy)
% Time on Ice - Hartford Whalers
Lines # - Real PCT - Wanted PCT - Time Play
Normal Forward
1 - 28% - 35% - 13:36
2 - 33% - 35% - 15:39
3 - 28% - 21% - 13:21
4 - 11% - 9% - 5:30
Normal Defense
1 - 31% - 30% - 15:01
2 - 30% - 30% - 14:30
3 - 28% - 25% - 13:26
4 - 11% - 15% - 5:09
PP Forward
1 - 55% - 50% - 1:06
2 - 45% - 50% - 0:53
PP Defense
1 - 60% - 50% - 1:11
2 - 40% - 50% - 0:48
PK Forward
1 - 49% - 50% - 4:51
2 - 51% - 50% - 5:04
PK Defense
1 - 52% - 50% - 5:11
2 - 48% - 50% - 4:44
PK3 Forward
1 - 0% - 50%
2 - 0% - 50%
PK3 Defense
1 - 0% - 50%
2 - 0% - 50%
44 Forward
1 - 0% - 50%
2 - 0% - 50%
44 Defense
1 - 0% - 50%
2 - 0% - 50%
Last Minute Offensive - 0:00
Last Minute Defensive - 0:00
Total
Forward - 60:00
Defense - 60:00
|
% Time on Ice - Detroit Red Wings
Lines # - Real PCT - Wanted PCT - Time Play
Normal Forward
1 - 30% - 35% - 14:30
2 - 30% - 35% - 14:13
3 - 24% - 20% - 11:27
4 - 16% - 10% - 7:56
Normal Defense
1 - 40% - 40% - 19:07
2 - 31% - 30% - 14:48
3 - 23% - 20% - 10:53
4 - 7% - 10% - 3:18
PP Forward
1 - 48% - 50% - 4:45
2 - 52% - 50% - 5:10
PP Defense
1 - 52% - 50% - 5:12
2 - 48% - 50% - 4:43
PK Forward
1 - 50% - 50% - 0:59
2 - 50% - 50% - 1:00
PK Defense
1 - 64% - 50% - 1:16
2 - 36% - 50% - 0:43
PK3 Forward
1 - 0% - 50%
2 - 0% - 50%
PK3 Defense
1 - 0% - 50%
2 - 0% - 50%
44 Forward
1 - 0% - 60%
2 - 0% - 40%
44 Defense
1 - 0% - 60%
2 - 0% - 40%
Last Minute Offensive - 0:00
Last Minute Defensive - 0:00
Total
Forward - 60:00
Defense - 60:00
|
Play-by-Play
1st period
0:01 of 1st period - Steven Stamkos wins face-off versus Nick Suzuki in neutral zone.
0:18 of 1st period - Patrick Kane is hit by Seth Jones.
1:30 of 1st period - Wrist shot by Carter Verhaeghe.
1:30 of 1st period - Stopped by Spencer Knight without a rebound.
1:31 of 1st period - Mika Zibanejad wins face-off versus Joshua Norris in Hartford Whalers zone.
1:34 of 1st period - Snap shot by Carter Verhaeghe.
1:34 of 1st period - Shot Blocked by Ryan Suter.
2:01 of 1st period - Snap shot by Nick Suzuki.
2:01 of 1st period - Stopped by Calvin Pickard without a rebound.
2:02 of 1st period - Steven Stamkos wins face-off versus Nick Suzuki in Detroit Red Wings zone.
3:15 of 1st period - Off-side.
3:16 of 1st period - Morgan Frost wins face-off versus Steven Stamkos in neutral zone.
3:28 of 1st period - Minor Penalty to Kaiden Guhle for Cross-checking.
3:29 of 1st period - Anthony Cirelli wins face-off versus Patrick Kane in Hartford Whalers zone.
3:39 of 1st period - Slapshot by Jared McCann.
3:39 of 1st period - Stopped by Spencer Knight with a rebound.
4:43 of 1st period - Steven Stamkos is hit by Miles Wood and loses puck.
5:06 of 1st period - Seth Jones is hit by Patrick Kane and loses puck.
5:28 of 1st period - Penalty to Kaiden Guhle is over, Kaiden Guhle is back on ice.
5:57 of 1st period - Icing by Kevin Stenlund.
5:58 of 1st period - Joshua Norris wins face-off versus Keegan Kolesar in Detroit Red Wings zone.
6:09 of 1st period - Slapshot by Keegan Kolesar.
6:09 of 1st period - Deflect By Devon Toews.
6:09 of 1st period - Shot Blocked by Joshua Norris.
6:09 of 1st period - Puck is out of play.
6:10 of 1st period - Mika Zibanejad wins face-off versus Morgan Frost in Hartford Whalers zone.
6:17 of 1st period - Snap shot by Carter Verhaeghe.
6:17 of 1st period - Shot Blocked by Jaden Schwartz.
6:19 of 1st period - Snap shot by Zach Bogosian.
6:19 of 1st period - Deflect By Yegor Sharangovich.
6:19 of 1st period - Stopped by Spencer Knight without a rebound.
6:20 of 1st period - Mika Zibanejad wins face-off versus Morgan Frost in Hartford Whalers zone.
6:53 of 1st period - Snap shot by Mika Zibanejad.
6:53 of 1st period - Stopped by Spencer Knight with a rebound.
7:01 of 1st period - Wrist shot by Carter Verhaeghe.
7:01 of 1st period - Stopped by Spencer Knight with a rebound.
7:09 of 1st period - Snap shot by Mika Zibanejad.
7:09 of 1st period - Shot Blocked by Seth Jones.
8:00 of 1st period - Backhand shot by Mika Zibanejad.
8:00 of 1st period - Shot Misses the Net.
8:38 of 1st period - Wrist shot by Carter Verhaeghe.
8:38 of 1st period - Goal by Carter Verhaeghe - Hartford Whalers : 0 - Detroit Red Wings : 1.
8:39 of 1st period - Nick Suzuki wins face-off versus Steven Stamkos in neutral zone.
8:42 of 1st period - Jackson LaCombe is hit by Anthony Cirelli and loses puck.
9:41 of 1st period - Wrist shot by Kevin Stenlund.
9:41 of 1st period - Stopped by Spencer Knight with a rebound.
14:08 of 1st period - Patrick Kane is hit by Josh Anderson.
16:00 of 1st period - Pierre-Luc Dubois is hit by Yakov Trenin and loses puck.
16:47 of 1st period - Dylan Guenther is hit by Jared McCann and loses puck.
17:18 of 1st period - Joshua Norris is hit by Jared McCann and loses puck.
17:43 of 1st period - Minor Penalty to Jaden Schwartz for Tripping.
17:44 of 1st period - Nick Suzuki wins face-off versus Mika Zibanejad in Hartford Whalers zone.
18:19 of 1st period - Snap shot by Patrick Kane.
18:19 of 1st period - Stopped by Spencer Knight with a rebound.
18:21 of 1st period - Snap shot by Patrick Kane.
18:21 of 1st period - Stopped by Spencer Knight with a rebound.
18:23 of 1st period - Snap shot by Jared McCann.
18:23 of 1st period - Shot Misses the Net.
18:25 of 1st period - Slapshot by Zachary Werenski.
18:25 of 1st period - Shot Misses the Net.
18:35 of 1st period - Erik Brannstrom is hit by Devon Toews and loses puck.
19:38 of 1st period - Pierre-Luc Dubois is hit by Tyler Johnson and loses puck.
19:43 of 1st period - Penalty to Jaden Schwartz is over, Jaden Schwartz is back on ice.
19:55 of 1st period - Jaden Schwartz is hit by Yakov Trenin and loses puck.
Goals for this period are 0 for Hartford Whalers vs 1 for Detroit Red Wings.
Shots for this period are 1 for Hartford Whalers vs 9 for Detroit Red Wings.
2nd period
0:01 of 2nd period - Steven Stamkos wins face-off versus Nick Suzuki in neutral zone.
0:04 of 2nd period - Nick Suzuki is hit by Patrick Kane.
0:20 of 2nd period - Samuel Girard is hit by Steven Stamkos and loses puck.
0:37 of 2nd period - Wrist shot by Pierre-Luc Dubois.
0:37 of 2nd period - Shot Misses the Net.
0:39 of 2nd period - Snap shot by Joshua Norris.
0:39 of 2nd period - Shot Misses the Net.
0:41 of 2nd period - Slapshot by Devon Toews.
0:41 of 2nd period - Stopped by Calvin Pickard with a rebound.
0:43 of 2nd period - Slapshot by Pierre-Luc Dubois.
0:43 of 2nd period - Shot Blocked by Tyler Johnson.
1:16 of 2nd period - Minor Penalty to Miles Wood for Tripping.
1:17 of 2nd period - Nick Suzuki wins face-off versus Steven Stamkos in Hartford Whalers zone.
1:28 of 2nd period - Joshua Norris is hit by Erik Brannstrom.
1:32 of 2nd period - Wrist shot by Steven Stamkos.
1:32 of 2nd period - Stopped by Spencer Knight without a rebound.
1:33 of 2nd period - Mika Zibanejad wins face-off versus Nick Suzuki in Hartford Whalers zone.
1:34 of 2nd period - Snap shot by Carter Verhaeghe.
1:34 of 2nd period - Deflect By Charlie McAvoy.
1:34 of 2nd period - Shot Blocked by Kaiden Guhle.
1:34 of 2nd period - Puck is out of play.
1:35 of 2nd period - Nick Suzuki wins face-off versus Mika Zibanejad in Hartford Whalers zone.
1:44 of 2nd period - Snap shot by Nick Suzuki.
1:44 of 2nd period - Goal by Nick Suzuki - Hartford Whalers : 1 - Detroit Red Wings : 1.
1:45 of 2nd period - Jared McCann wins face-off versus Anthony Cirelli in neutral zone.
2:32 of 2nd period - Snap shot by Patrick Kane.
2:32 of 2nd period - Stopped by Spencer Knight without a rebound.
2:33 of 2nd period - Tyler Johnson wins face-off versus Nick Suzuki in Hartford Whalers zone.
3:16 of 2nd period - Penalty to Miles Wood is over, Miles Wood is back on ice.
3:21 of 2nd period - Icing by Devon Toews.
3:22 of 2nd period - Yakov Trenin wins face-off versus Morgan Frost in Hartford Whalers zone.
3:27 of 2nd period - Wrist shot by Christian Fischer.
3:27 of 2nd period - Shot Misses the Net.
3:29 of 2nd period - Snap shot by Yakov Trenin.
3:29 of 2nd period - Shot Blocked by Devon Toews.
3:31 of 2nd period - Snap shot by Daniel Sprong.
3:31 of 2nd period - Stopped by Spencer Knight with a rebound.
3:33 of 2nd period - Wrist shot by Yakov Trenin.
3:33 of 2nd period - Stopped by Spencer Knight without a rebound.
3:34 of 2nd period - Mika Zibanejad wins face-off versus Nick Suzuki in Hartford Whalers zone.
3:39 of 2nd period - Snap shot by Mika Zibanejad.
3:39 of 2nd period - Deflect By Tyler Johnson.
3:39 of 2nd period - Shot Blocked by Dylan Guenther.
3:39 of 2nd period - Puck is out of play.
3:40 of 2nd period - Mika Zibanejad wins face-off versus Nick Suzuki in Hartford Whalers zone.
3:53 of 2nd period - Slapshot by Mika Zibanejad.
3:53 of 2nd period - Stopped by Spencer Knight without a rebound.
3:54 of 2nd period - Steven Stamkos wins face-off versus Nick Suzuki in Hartford Whalers zone.
4:03 of 2nd period - Snap shot by Dylan Guenther.
4:03 of 2nd period - Stopped by Calvin Pickard without a rebound.
4:04 of 2nd period - Steven Stamkos wins face-off versus Nick Suzuki in Detroit Red Wings zone.
4:17 of 2nd period - Wrist shot by Dylan Guenther.
4:17 of 2nd period - Deflect By Nick Suzuki.
4:17 of 2nd period - Shot Misses the Net.
4:17 of 2nd period - Puck is out of play.
4:18 of 2nd period - Nick Suzuki wins face-off versus Steven Stamkos in Detroit Red Wings zone.
4:35 of 2nd period - Wrist shot by Steven Stamkos.
4:35 of 2nd period - Deflect By Jared McCann.
4:35 of 2nd period - Stopped by Spencer Knight without a rebound.
4:36 of 2nd period - Joshua Norris wins face-off versus Mika Zibanejad in Hartford Whalers zone.
4:50 of 2nd period - Wrist shot by Joshua Norris.
4:50 of 2nd period - Stopped by Calvin Pickard with a rebound.
4:52 of 2nd period - Slapshot by Charlie McAvoy.
4:52 of 2nd period - Stopped by Calvin Pickard without a rebound.
4:53 of 2nd period - Nick Suzuki wins face-off versus Steven Stamkos in Detroit Red Wings zone.
4:54 of 2nd period - Wrist shot by Anthony Cirelli.
4:54 of 2nd period - Stopped by Calvin Pickard with a rebound.
5:11 of 2nd period - Anthony Cirelli is hit by Zachary Werenski and loses puck.
5:28 of 2nd period - Snap shot by Joshua Norris.
5:28 of 2nd period - Shot Misses the Net.
5:30 of 2nd period - Slapshot by Devon Toews.
5:30 of 2nd period - Stopped by Calvin Pickard without a rebound.
5:31 of 2nd period - Carter Verhaeghe wins face-off versus Tom Wilson in Detroit Red Wings zone.
5:56 of 2nd period - Ryan Suter is hit by Shayne Gostisbehere and loses puck.
6:09 of 2nd period - Wrist shot by Pierre-Luc Dubois.
6:09 of 2nd period - Stopped by Calvin Pickard with a rebound.
6:11 of 2nd period - Snap shot by Pierre-Luc Dubois.
6:11 of 2nd period - Stopped by Calvin Pickard with a rebound.
6:13 of 2nd period - Snap shot by Pierre-Luc Dubois.
6:13 of 2nd period - Deflect By Joshua Norris.
6:13 of 2nd period - Stopped by Calvin Pickard without a rebound.
6:14 of 2nd period - Steven Stamkos wins face-off versus Nick Suzuki in Detroit Red Wings zone.
6:14 of 2nd period - Steven Stamkos is hit by Charlie McAvoy.
6:19 of 2nd period - Off-side.
6:20 of 2nd period - Nick Suzuki wins face-off versus Steven Stamkos in neutral zone.
6:48 of 2nd period - Snap shot by Steven Stamkos.
6:48 of 2nd period - Stopped by Spencer Knight without a rebound.
6:49 of 2nd period - Mika Zibanejad wins face-off versus Joshua Norris in Hartford Whalers zone.
8:24 of 2nd period - Snap shot by Jaden Schwartz.
8:24 of 2nd period - Stopped by Calvin Pickard with a rebound.
8:50 of 2nd period - Snap shot by Daniel Sprong.
8:50 of 2nd period - Shot Blocked by Samuel Girard.
9:00 of 2nd period - Miles Wood is hit by Patrick Kane and loses puck.
9:05 of 2nd period - Snap shot by Patrick Kane.
9:05 of 2nd period - Shot Blocked by Samuel Girard.
9:11 of 2nd period - Snap shot by Steven Stamkos.
9:11 of 2nd period - Goal by Steven Stamkos - Hartford Whalers : 1 - Detroit Red Wings : 2.
9:12 of 2nd period - Joshua Norris wins face-off versus Steven Stamkos in neutral zone.
9:15 of 2nd period - Slapshot by Charlie McAvoy.
9:15 of 2nd period - Stopped by Calvin Pickard without a rebound.
9:16 of 2nd period - Joshua Norris wins face-off versus Jared McCann in Detroit Red Wings zone.
9:19 of 2nd period - Snap shot by Joshua Norris.
9:19 of 2nd period - Stopped by Calvin Pickard without a rebound.
9:20 of 2nd period - Steven Stamkos wins face-off versus Joshua Norris in Detroit Red Wings zone.
9:20 of 2nd period - Steven Stamkos is hit by Tom Wilson.
9:36 of 2nd period - Snap shot by Patrick Kane.
9:36 of 2nd period - Goal by Patrick Kane - Hartford Whalers : 1 - Detroit Red Wings : 3.
9:37 of 2nd period - Steven Stamkos wins face-off versus Nick Suzuki in neutral zone.
10:03 of 2nd period - Charlie McAvoy is hit by Tyler Johnson.
10:25 of 2nd period - Wrist shot by Carter Verhaeghe.
10:25 of 2nd period - Stopped by Spencer Knight without a rebound.
10:26 of 2nd period - Morgan Frost wins face-off versus Yakov Trenin in Hartford Whalers zone.
10:41 of 2nd period - Snap shot by Morgan Frost.
10:41 of 2nd period - Stopped by Calvin Pickard with a rebound.
10:43 of 2nd period - Slapshot by Ryan Suter.
10:43 of 2nd period - Stopped by Calvin Pickard without a rebound.
10:44 of 2nd period - Nick Suzuki wins face-off versus Steven Stamkos in Detroit Red Wings zone.
10:51 of 2nd period - Snap shot by Dylan Guenther.
10:51 of 2nd period - Shot Blocked by Patrick Kane.
11:00 of 2nd period - Minor Penalty to Charlie McAvoy for High sticking.
11:01 of 2nd period - Mika Zibanejad wins face-off versus Nick Suzuki in Hartford Whalers zone.
11:07 of 2nd period - Slapshot by Carter Verhaeghe.
11:07 of 2nd period - Shot Misses the Net.
11:09 of 2nd period - Wrist shot by Tyler Johnson.
11:09 of 2nd period - Stopped by Spencer Knight with a rebound.
11:11 of 2nd period - Snap shot by Mika Zibanejad.
11:11 of 2nd period - Shot Misses the Net.
12:51 of 2nd period - Jeff Petry is hit by Anthony Cirelli and loses puck.
13:00 of 2nd period - Penalty to Charlie McAvoy is over, Charlie McAvoy is back on ice.
13:10 of 2nd period - Samuel Girard is hit by Jeff Petry and loses puck.
13:44 of 2nd period - Slapshot by Brendan Gallagher.
13:44 of 2nd period - Stopped by Spencer Knight with a rebound.
13:46 of 2nd period - Wrist shot by Kevin Stenlund.
13:46 of 2nd period - Shot Misses the Net.
14:01 of 2nd period - Icing by Jared McCann.
14:02 of 2nd period - Nick Suzuki wins face-off versus Kevin Stenlund in Detroit Red Wings zone.
14:03 of 2nd period - Slapshot by Dylan Guenther.
14:03 of 2nd period - Shot Blocked by Zach Bogosian.
14:11 of 2nd period - Off-side.
14:12 of 2nd period - Steven Stamkos wins face-off versus Morgan Frost in neutral zone.
14:17 of 2nd period - Slapshot by Steven Stamkos.
14:17 of 2nd period - Shot Misses the Net.
14:37 of 2nd period - Kaiden Guhle is hit by Christian Fischer and loses puck.
14:44 of 2nd period - Snap shot by Daniel Sprong.
14:44 of 2nd period - Shot Misses the Net.
14:46 of 2nd period - Slapshot by Christian Fischer.
14:46 of 2nd period - Stopped by Spencer Knight with a rebound.
15:02 of 2nd period - Slapshot by Nick Suzuki.
15:02 of 2nd period - Stopped by Calvin Pickard with a rebound.
15:04 of 2nd period - Wrist shot by Anthony Cirelli.
15:04 of 2nd period - Shot Misses the Net.
16:16 of 2nd period - Daniel Sprong is hit by Devon Toews and loses puck.
16:34 of 2nd period - Minor Penalty to Steven Stamkos for High sticking.
16:35 of 2nd period - Nick Suzuki wins face-off versus Mika Zibanejad in Detroit Red Wings zone.
16:39 of 2nd period - Snap shot by Dylan Guenther.
16:39 of 2nd period - Stopped by Calvin Pickard without a rebound.
16:40 of 2nd period - Mika Zibanejad wins face-off versus Nick Suzuki in Detroit Red Wings zone.
16:40 of 2nd period - Mika Zibanejad is hit by Charlie McAvoy.
16:50 of 2nd period - Keegan Kolesar is hit by Nick Suzuki and loses puck.
17:07 of 2nd period - Slapshot by Jackson LaCombe.
17:07 of 2nd period - Stopped by Spencer Knight with a rebound.
18:34 of 2nd period - Penalty to Steven Stamkos is over, Steven Stamkos is back on ice.
18:48 of 2nd period - Snap shot by Jared McCann.
18:48 of 2nd period - Deflect By Patrick Kane.
18:48 of 2nd period - Stopped by Spencer Knight without a rebound.
18:49 of 2nd period - Steven Stamkos wins face-off versus Morgan Frost in Hartford Whalers zone.
18:50 of 2nd period - Wrist shot by Patrick Kane.
18:50 of 2nd period - Stopped by Spencer Knight with a rebound.
Goals for this period are 1 for Hartford Whalers vs 2 for Detroit Red Wings.
Shots for this period are 17 for Hartford Whalers vs 16 for Detroit Red Wings.
3rd period
0:01 of 3rd period - Mika Zibanejad wins face-off versus Nick Suzuki in neutral zone.
0:08 of 3rd period - Wrist shot by Mika Zibanejad.
0:08 of 3rd period - Shot Hit the Post.
0:27 of 3rd period - Zachary Werenski is hit by Joshua Norris and loses puck.
1:00 of 3rd period - Slapshot by Morgan Frost.
1:00 of 3rd period - Stopped by Calvin Pickard without a rebound.
1:01 of 3rd period - Nick Suzuki wins face-off versus Mika Zibanejad in Detroit Red Wings zone.
1:04 of 3rd period - Wrist shot by Nick Suzuki.
1:04 of 3rd period - Shot Misses the Net.
1:06 of 3rd period - Wrist shot by Dylan Guenther.
1:06 of 3rd period - Deflect By Anthony Cirelli.
1:06 of 3rd period - Shot Blocked by Jeff Petry.
1:06 of 3rd period - Puck is out of play.
1:07 of 3rd period - Nick Suzuki wins face-off versus Mika Zibanejad in Detroit Red Wings zone.
1:36 of 3rd period - Snap shot by Jared McCann.
1:36 of 3rd period - Shot Misses the Net.
2:11 of 3rd period - Backhand shot by Dylan Guenther.
2:11 of 3rd period - Stopped by Calvin Pickard without a rebound.
2:12 of 3rd period - Yakov Trenin wins face-off versus Nick Suzuki in Detroit Red Wings zone.
2:12 of 3rd period - Yakov Trenin is hit by Charlie McAvoy.
2:20 of 3rd period - Snap shot by Yakov Trenin.
2:20 of 3rd period - Stopped by Spencer Knight without a rebound.
2:21 of 3rd period - Mika Zibanejad wins face-off versus Nick Suzuki in Hartford Whalers zone.
3:10 of 3rd period - Snap shot by Patrick Kane.
3:10 of 3rd period - Deflect By Daniel Sprong.
3:10 of 3rd period - Stopped by Spencer Knight without a rebound.
3:11 of 3rd period - Yakov Trenin wins face-off versus Morgan Frost in Hartford Whalers zone.
3:14 of 3rd period - Wrist shot by Daniel Sprong.
3:14 of 3rd period - Stopped by Spencer Knight with a rebound.
3:16 of 3rd period - Wrist shot by Christian Fischer.
3:16 of 3rd period - Stopped by Spencer Knight without a rebound.
3:17 of 3rd period - Yakov Trenin wins face-off versus Nick Suzuki in Hartford Whalers zone.
3:50 of 3rd period - Icing by Pierre-Luc Dubois.
3:51 of 3rd period - Mika Zibanejad wins face-off versus Joshua Norris in Hartford Whalers zone.
4:00 of 3rd period - Snap shot by Mika Zibanejad.
4:00 of 3rd period - Shot Blocked by Pierre-Luc Dubois.
4:02 of 3rd period - Snap shot by Tyler Johnson.
4:02 of 3rd period - Shot Misses the Net.
4:04 of 3rd period - Slapshot by Jackson LaCombe.
4:04 of 3rd period - Shot Misses the Net.
4:06 of 3rd period - Wrist shot by Carter Verhaeghe.
4:06 of 3rd period - Shot Blocked by Devon Toews.
4:26 of 3rd period - Slapshot by Samuel Girard.
4:26 of 3rd period - Shot Misses the Net.
4:54 of 3rd period - Wrist shot by Mika Zibanejad.
4:54 of 3rd period - Shot Blocked by Devon Toews.
4:56 of 3rd period - Slapshot by Shayne Gostisbehere.
4:56 of 3rd period - Shot Misses the Net.
4:58 of 3rd period - Snap shot by Tyler Johnson.
4:58 of 3rd period - Shot Misses the Net.
5:00 of 3rd period - Slapshot by Shayne Gostisbehere.
5:00 of 3rd period - Stopped by Spencer Knight without a rebound.
5:01 of 3rd period - Steven Stamkos wins face-off versus Nick Suzuki in Hartford Whalers zone.
5:02 of 3rd period - Slapshot by Patrick Kane.
5:02 of 3rd period - Stopped by Spencer Knight without a rebound.
5:03 of 3rd period - Steven Stamkos wins face-off versus Nick Suzuki in Hartford Whalers zone.
5:04 of 3rd period - Wrist shot by Patrick Kane.
5:04 of 3rd period - Goal by Patrick Kane - Hartford Whalers : 1 - Detroit Red Wings : 4.
5:05 of 3rd period - Steven Stamkos wins face-off versus Nick Suzuki in neutral zone.
5:31 of 3rd period - Carter Verhaeghe is hit by Charlie McAvoy and loses puck.
6:00 of 3rd period - Yakov Trenin is hit by Kaiden Guhle and loses puck.
6:13 of 3rd period - Samuel Girard is hit by Shayne Gostisbehere and loses puck.
7:01 of 3rd period - Wrist shot by Mika Zibanejad.
7:01 of 3rd period - Shot Misses the Net.
7:35 of 3rd period - Jeff Petry is hit by Devon Toews and loses puck.
9:19 of 3rd period - Penalty Shot by Jaden Schwartz for Hartford Whalers.
9:19 of 3rd period - Snap shot by Jaden Schwartz.
9:19 of 3rd period - Stopped by Calvin Pickard.
9:20 of 3rd period - Nick Suzuki wins face-off versus Steven Stamkos in Hartford Whalers zone.
9:20 of 3rd period - Nick Suzuki is hit by Zachary Werenski.
9:40 of 3rd period - Wrist shot by Pierre-Luc Dubois.
9:40 of 3rd period - Shot Blocked by Jeff Petry.
9:50 of 3rd period - Snap shot by Mika Zibanejad.
9:50 of 3rd period - Stopped by Spencer Knight without a rebound.
9:51 of 3rd period - Yakov Trenin wins face-off versus Morgan Frost in Hartford Whalers zone.
9:54 of 3rd period - Wrist shot by Christian Fischer.
9:54 of 3rd period - Shot Misses the Net.
10:00 of 3rd period - Slapshot by Charlie McAvoy.
10:00 of 3rd period - Stopped by Calvin Pickard without a rebound.
10:01 of 3rd period - Nick Suzuki wins face-off versus Steven Stamkos in Detroit Red Wings zone.
10:10 of 3rd period - Snap shot by Dylan Guenther.
10:10 of 3rd period - Deflect By Nick Suzuki.
10:10 of 3rd period - Shot Blocked by Jared McCann.
10:10 of 3rd period - Puck is out of play.
10:11 of 3rd period - Nick Suzuki wins face-off versus Steven Stamkos in Detroit Red Wings zone.
10:12 of 3rd period - Wrist shot by Dylan Guenther.
10:12 of 3rd period - Deflect By Nick Suzuki.
10:12 of 3rd period - Shot Misses the Net.
10:12 of 3rd period - Puck is out of play.
10:13 of 3rd period - Nick Suzuki wins face-off versus Steven Stamkos in Detroit Red Wings zone.
10:14 of 3rd period - Snap shot by Dylan Guenther.
10:14 of 3rd period - Stopped by Calvin Pickard with a rebound.
10:44 of 3rd period - Devon Toews is hit by Mika Zibanejad and loses puck.
10:51 of 3rd period - Tyler Johnson is hit by Tom Wilson and loses puck.
11:11 of 3rd period - Shayne Gostisbehere is hit by Yegor Sharangovich and loses puck.
11:17 of 3rd period - Icing by Yakov Trenin.
11:18 of 3rd period - Nick Suzuki wins face-off versus Yakov Trenin in Detroit Red Wings zone.
11:26 of 3rd period - Off-side.
11:27 of 3rd period - Nick Suzuki wins face-off versus Steven Stamkos in neutral zone.
11:45 of 3rd period - Minor Penalty to Dylan Guenther for Roughing.
11:46 of 3rd period - Steven Stamkos wins face-off versus Nick Suzuki in Hartford Whalers zone.
12:17 of 3rd period - Samuel Girard is hit by Zachary Werenski and loses puck.
13:45 of 3rd period - Penalty to Dylan Guenther is over, Dylan Guenther is back on ice.
15:10 of 3rd period - Jackson LaCombe is hit by Dylan Guenther and loses puck.
15:26 of 3rd period - Yegor Sharangovich is hit by Keegan Kolesar and loses puck.
15:48 of 3rd period - Daniel Sprong is hit by Seth Jones and loses puck.
15:59 of 3rd period - Patrick Kane is hit by Tom Wilson and loses puck.
16:12 of 3rd period - Snap shot by Mika Zibanejad.
16:12 of 3rd period - Stopped by Spencer Knight with a rebound.
16:18 of 3rd period - Carter Verhaeghe is hit by Morgan Frost and loses puck.
18:37 of 3rd period - Jaden Schwartz is hit by Keegan Kolesar and loses puck.
19:02 of 3rd period - Snap shot by Christian Fischer.
19:02 of 3rd period - Stopped by Spencer Knight with a rebound.
19:04 of 3rd period - Snap shot by Yakov Trenin.
19:04 of 3rd period - Shot Misses the Net.
19:06 of 3rd period - Wrist shot by Christian Fischer.
19:06 of 3rd period - Stopped by Spencer Knight with a rebound.
19:32 of 3rd period - Ryan Suter is hit by Steven Stamkos and loses puck.
19:51 of 3rd period - Kaiden Guhle is hit by Mika Zibanejad and loses puck.
Goals for this period are 0 for Hartford Whalers vs 1 for Detroit Red Wings.
Shots for this period are 4 for Hartford Whalers vs 11 for Detroit Red Wings.
Back to the Top